 Dungeon Crawl Stone Soup version 0.21.1-1-g345015fe64 (webtiles) character file.

204 HooM the Chopper (level 5, -7/47 HPs)
             Began as a Hill Orc Fighter on Mar 14, 2018.
             Mangled by an ogre
             ... wielding a +0 giant club
              (19 damage)
             ... on level 4 of the Dungeon.
             The game lasted 00:09:37 (2244 turns).

HooM the Chopper (Hill Orc Fighter)                 Turns: 2244, Time: 00:09:37

Health: -7/47      AC: 11    Str: 20    XL:     5   Next: 82%
Magic:  5/5        EV:  4    Int:  8    God:
Gold:   152        SH:  9    Dex: 10    Spells: 4/4 levels left

rFire    . . .     SeeInvis .   a - +0 war axe
rCold    . . .     Gourm    .   n - +0 shield
rNeg     . . .     Faith    .   p - +0 plate armour
rPois    .         Spirit   .   (no helmet)
rElec    .         Reflect  .   (no cloak)
rCorr    .         Harm     .   (no gloves)
MR       .....                  (no boots)
Stlth    ..........             (no amulet)
HPRegen  0.15/turn              e - ring of stealth
MPRegen  0.09/turn              (no ring)

@: no status effects
A: no striking features
a: no special abilities


You were on level 4 of the Dungeon.
You were not hungry.

You visited 1 branch of the dungeon, and saw 4 of its levels.

You collected 152 gold pieces.

Inventory:

Hand Weapons
 a - a +0 war axe (weapon)
Armour
 n - a +0 shield (worn)
 p - a +0 plate armour (worn)
Jewellery
 e - a ring of stealth (left hand)
 q - a cursed ring of teleportation {unknown}
Scrolls
 h - 2 scrolls of remove curse
 k - a scroll of fear {unknown}
Potions
 b - a potion of cancellation {unknown}
 c - 2 potions of lignification {unknown}
 d - a potion of might
 g - a potion of brilliance {unknown}
 i - a potion of curing {unknown}
 j - 2 potions of heal wounds {unknown}
 l - a potion of haste {unknown}
 m - a potion of flight {unknown}
 o - a potion of ambrosia {unknown}
Comestibles
 f - 10 rations


   Skills:
 + Level 4.4 Fighting
 + Level 5.4 Axes
 + Level 4.3 Armour
 + Level 0.4 Dodging
 + Level 4.0 Shields


You had 4 spell levels left.
You didn't know any spells.

Dungeon Overview and Level Annotations

Branches:
Dungeon (4/15)
 Temple: D:4-7

Altars:


Message History

Your shield and plate armour prevent you from hitting the adder skeleton.
The adder skeleton is almost destroyed.
The adder skeleton bites you but does no damage.
You hit the adder skeleton.
You destroy the adder skeleton!
You see here a ball python corpse.
Found a runed moonstone ring.
You see here a runed moonstone ring.
q - a runed moonstone ring You slash the ogre!
The ogre is heavily wounded.
The ogre hits you with a giant club!
You slash the ogre!
The ogre is almost dead.
The ogre hits you with a giant club!!
* * * LOW HITPOINT WARNING * * *
Your shield and plate armour prevent you from hitting the ogre.
The ogre is almost dead.
The ogre barely misses you. The ogre hits you with a giant club!!
You die...

####...#..........##..#
.......[.........>##.†# ..
####...#.#............####
..##########........#####.....
............##........# ######
..............(.......# #...
#..........####.###### #.##
###..........####.##### #.#
.............#..@.....# #.#
.............#..O.....# #.#
.............#........# #<#
.............#........# #.#
.............#........# #.#
...####....###.......... ###
.....†.....###........##
......................#
##..........†..#....##


You could see an ogre.

Vanquished Creatures
  A centaur skeleton (D:2)
  An iguana (D:3)
  An orc wizard (D:3)
  A worker ant (D:4)
  A hound skeleton (D:4)
  An adder (D:4)
  An adder skeleton (D:4)
  5 dart slugs
  6 orcs (D:3)
  2 giant cockroaches
  8 hobgoblins
  2 jackals (D:1)
  6 kobolds
  A quokka (D:2)
  3 ball pythons
  5 bats
  7 frilled lizards
  7 goblins
  8 rats
67 creatures vanquished.

Notes
Turn   | Place    | Note
-------+----------+-------------------------------------------
     0 | D:1      | HooM the Hill Orc Fighter began the quest for the Orb.
     0 | D:1      | Reached XP level 1. HP: 19/19 MP: 1/1
    20 | D:1      | Reached skill level 3 in Axes
    20 | D:1      | Reached XP level 2. HP: 21/27 MP: 2/2
   295 | D:1      | Reached XP level 3. HP: 33/33 MP: 3/3
   931 | D:2      | Reached skill level 4 in Axes
   931 | D:2      | Reached XP level 4. HP: 32/40 MP: 4/4
  1601 | D:3      | Reached skill level 5 in Axes
  1601 | D:3      | Reached XP level 5. HP: 41/47 MP: 5/5
  2227 | D:4      | Noticed an ogre
  2244 | D:4      | Mangled by an ogre

Skill      XL: |  1  2  3  4  5 |
---------------+----------------+-----
Axes           | 3 4 5 |  5.4
Fighting       | 4 |  4.4
Armour         | 4 |  4.3
Shields        | 4 |  4.0
Dodging        | |  0.4

Action                   |  1- 3 |  4- 6 || total
-------------------------+-------+-------++-------
Melee: War axe           |    62 |    98 ||   160
  Use: Scroll            |       |     1 ||     1
  Eat: Chunk             |       |     4 ||     4
Armor: Scale mail        |    25 |    34 ||    59
       Plate armour      |       |    13 ||    13
Dodge: Dodged            |    19 |    32 ||    51
Block: Shield            |    29 |    61 ||    90
